 Dungeon Crawl Stone Soup version 0.31-a0-986-g5e6e4ef867 (webtiles) character file.

Game seed: 13303709311218830743

65 Xavori the Trooper (level 4, -2/52 HPs)
             Began as a Djinni Chaos Knight on Nov 5, 2023.
             Was a Plaything of Xom.
             Slain by Terence the harpy (shapeshifter) (7 damage)
             ... on level 2 of the Dungeon.
             The game lasted 00:01:34 (4040 turns).

Xavori the Trooper (Djinni Chaos Knight)            Turns: 4040, Time: 00:01:34

Health: -2/52      AC: 22    Str: 11    XL:     4   Next: 34%
Gold:   65         EV:  2    Int: 14    God:    Xom [...*..] SH:  0 Dex: 12

rFire   . . .        a - +0 falchion (chaos)
rCold   + . .        (no shield)
rNeg    . . .        b - melded +2 leather armour
rPois   ∞            (helmet currently unavailable)
rElec   .            k - melded +0 cloak
rCorr   .            (gloves currently unavailable)
SInv    .            (boots unavailable)
Will    ++...        (no amulet)
Stlth   +            f - ring of protection from cold
HPRegen 0.28/turn    (no ring)
MPRegen 0.00/turn

%: infuse magic (-3 HP)
@: brilliant, tree-form
A: stationary, stasis, torment immunity, boosted hp, sickness immunity, (fire
resistance 2), (cold vulnerability 2), float, innate caster, HP casting, extra
vitality 1, (claws 1), (iridescent scales 1), clumsy 1, strong-willed 2, (shaggy
fur 1)
a: Renounce Religion


You were on level 2 of the Dungeon.
You worshipped Xom.
You were a favourite toy of Xom.
You were a tree.
You visited 1 branch of the dungeon, and saw 2 of its levels.

You collected 65 gold pieces.

Inventory:

Hand Weapons
 a - a +0 falchion of chaos (weapon)
Missiles
 i - a throwing net
Armour
 b - a +2 leather armour (melded)
 k - a +0 cloak (melded)
Jewellery
 f - a ring of protection from cold (left branch)
Scrolls
 c - a scroll of butterflies
 g - a scroll of teleportation {unknown}
 h - a scroll of vulnerability {unknown}
 j - a scroll of identify {unknown}
 l - a scroll of revelation {unknown}
Potions
 e - a potion of brilliance


   Skills:
 + Level 3.3 Fighting
 + Level 3.0 Long Blades
 + Level 1.7 Armour
 + Level 2.7 Dodging
 * Level 1.1 Spellcasting
 * Level 1.1 Conjurations
 * Level 1.1 Hexes
   Level 0.0 Charms
 * Level 1.1 Summonings
 * Level 1.1 Necromancy
 * Level 1.1 Translocations
 * Level 1.1 Transmutations
 * Level 1.1 Fire Magic
 * Level 1.1 Ice Magic
 * Level 1.1 Air Magic
 * Level 1.1 Earth Magic
 * Level 1.1 Poison Magic


You knew the following spells:

 Your Spells              Type           Power      Damage    Failure   Level
a - Slow                  Hex            20%        N/A       17%         1
Your spell library was empty.

Dungeon Overview and Level Annotations

Branches:
Dungeon (2/15)

Altars:

Shops:
D:2 *

Annotations:
D:2 Terence


Innate Abilities, Weirdness & Mutations

You are a tree.
Your roots penetrate the ground, keeping you stationary.
You cannot be teleported.
You are immune to unholy pain and torment.
Your maximum health is greatly increased.
Your equipment is partially melded.
You are immune to sickness and miasma.
You are immune to poison.
((Your flesh is very heat resistant. (rF++)))
((You are very vulnerable to cold. (rC--)))
You float through the air rather than walking.
You learn spells naturally, not from books.
Your magical power is your life essence.
You have superior vitality. (+4 MHP)
((You have sharp fingernails.))
((You are partially covered in iridescent scales. (AC +2)))
You are clumsy. (Dex -2)
You are highly strong-willed. (Will++)
((You are covered in fur. (AC +1)))


Message History

The quokka barely misses you.
Terence hits you with a +2 flail of protection!
The rat bites you but does no damage.
You are too injured to fight recklessly!
You are too injured to fight recklessly!
Okay, then.
You aren't carrying any items that you can evoke.
It was a potion of brilliance.
You feel clever all of a sudden. The quokka completely misses you.
Terence hits you with a +2 flail of protection.
The rat closely misses you.
It was a potion of lignification.
You turn into a tree.
Your +0 cloak melds into your body.
Your +2 leather armour melds into your body.
Your roots penetrate the ground.
Terence hits you but does no damage.
The quokka bites you but does no damage.
Terence hits you with a +2 flail of protection!
* * * LOW HITPOINT WARNING * * *
The rat bites you but does no damage.
The quokka bites you but does no damage.
Unknown command.
You barely miss Terence.
Terence is heavily wounded.
You hear Xom's avuncular chuckle.
Terence changes into a shapeshifter!
You are now a favourite toy of Xom.
Terence the shapeshifter changes into a guardian serpent!
The quokka bites you but does no damage.
The rat bites you but does no damage.
You hit Terence.
Terence seems to grow stronger.
Terence is lightly wounded.
Terence the guardian serpent changes into a harpy!
The quokka bites you but does no damage.
The rat bites you but does no damage.
You hit Terence.
Terence is lightly wounded.
Terence claws you!
You die...
Xom bursts into laughter!

..##.##.......
......#.###.......#.###.
......... .....##...###.
........ #.....####..
....... ....##...###.< .
#....#### #.#..#..#
...##....######..##.#.##
......Hrr...............
#.♣................
#....###...######..
##.....##...####....
#.......#.#.......##
#...........#>####..
#...†...###...# #.#
##.......>..######.#
..####..............##..#
.............######......


You could see Terence the harpy shaped shifter, a quokka and a rat.

Vanquished Creatures
  An adder (D:1)
  2 worms (D:2)
  A dart slug (D:1)
  6 ball pythons
  4 endoplasms
  2 giant cockroaches (D:1)
  6 goblins
  4 hobgoblins
  2 jackals (D:1)
  3 kobolds (D:1)
  2 quokkas (D:1)
  3 bats
  8 frilled lizards
  A rat (D:1)
45 creatures vanquished.

Notes
Turn   | Place    | Note
-------+----------+-------------------------------------------
     0 | D:1      | Xavori the Djinni Chaos Knight began the quest for the Orb.
     0 | D:1      | Reached XP level 1. HP: 20/20 MP: 0/0
   145 | D:1      | Reached XP level 2. HP: 16/25 MP: 0/0
   440 | D:1      | Reached XP level 3. HP: 30/30 MP: 0/0
   440 | D:1      | Learned a level 1 spell: Slow
   827 | D:2      | XOM: noise
   838 | D:1      | Reached skill level 1 in Spellcasting
   838 | D:1      | Reached skill level 1 in Conjurations
   838 | D:1      | Reached skill level 1 in Hexes
   838 | D:1      | Reached skill level 1 in Summonings
   838 | D:1      | Reached skill level 1 in Necromancy
   838 | D:1      | Reached skill level 1 in Translocations
   838 | D:1      | Reached skill level 1 in Transmutations
   838 | D:1      | Reached skill level 1 in Fire Magic
   838 | D:1      | Reached skill level 1 in Ice Magic
   838 | D:1      | Reached skill level 1 in Air Magic
   838 | D:1      | Reached skill level 1 in Earth Magic
   838 | D:1      | Reached skill level 1 in Poison Magic
   912 | D:2      | Reached XP level 4. HP: 21/35 MP: 0/0
   964 | D:1      | XOM: silly message
  1379 | D:1      | XOM: give mutations
  1379 | D:1      | Gained mutation: You possess an exceptional clarity of
                  | mind. [Xom's mischief]
  1379 | D:1      | Lost mutation: You possess an exceptional clarity of mind.
                  | [Xom's mischief]
  1379 | D:1      | Gained mutation: You are very vulnerable to cold. (rC--)
                  | [Xom's mischief]
  1379 | D:1      | Gained mutation: You possess an exceptional clarity of
                  | mind. [Xom's mischief]
  1990 | D:1      | XOM: give mutations
  1990 | D:1      | Lost mutation: You possess an exceptional clarity of mind.
                  | [Xom's mischief]
  1990 | D:1      | Gained mutation: Your mind is acute. (Int +4, Str/Dex -1)
                  | [Xom's mischief]
  1990 | D:1      | Gained mutation: You are clumsy. (Dex -2) [Xom's mischief]
  1990 | D:1      | Lost mutation: Your mind is acute. (Int +4, Str/Dex -1)
                  | [Xom's mischief]
  2875 | D:1      | XOM: give mutation
  2875 | D:1      | Gained mutation: You are strong-willed. (Will+) [Xom's
                  | grace]
  3289 | D:1      | XOM: cloud trail
  3338 | D:1      | XOM: summons 4 hostile shadow creatures
  3532 | D:1      | XOM: give mutations
  3532 | D:1      | Gained mutation: You have sharp fingernails. [Xom's grace]
  3532 | D:1      | Gained mutation: You are covered in fur. (AC +1) [Xom's
                  | grace]
  3532 | D:1      | Gained mutation: You are highly strong-willed. (Will++)
                  | [Xom's grace]
  3532 | D:1      | Gained mutation: You are partially covered in iridescent
                  | scales. (AC +2) [Xom's grace]
  3964 | D:2      | Found Utiuddao's General Store.
  4026 | D:2      | Noticed Terence
  4038 | D:2      | Terence changed into Terence the shapeshifter
  4038 | D:2      | Noticed Terence (shapeshifter)
  4038 | D:2      | XOM: polymorph Terence -> Terence the shapeshifter
  4038 | D:2      | Terence the shapeshifter changed into Terence the guardian
                  | serpent
  4038 | D:2      | Noticed Terence (shapeshifter)
  4039 | D:2      | Terence the guardian serpent changed into Terence the harpy
  4039 | D:2      | Noticed Terence (shapeshifter)
  4040 | D:2      | Slain by Terence the harpy (shapeshifter)

Illustrated notes

Levels and vault maps discovered:
D:1:      lightli_iron_boxes, layout_basic, st_stairs_13
D:2:      layout_rooms, serial_shops, nicolae_shop_behind_doors, uniq_terence

Skill      XL: |  1  2  3 |
---------------+----------+-----
Long Blades    | 3 |  3.0
Spellcasting   | 1 |  1.1
Conjurations   | 1 |  1.1
Hexes          | 1 |  1.1
Summonings     | 1 |  1.1
Necromancy     | 1 |  1.1
Translocations | 1 |  1.1
Transmutations | 1 |  1.1
Fire Magic     | 1 |  1.1
Ice Magic      | 1 |  1.1
Air Magic      | 1 |  1.1
Earth Magic    | 1 |  1.1
Poison Magic   | 1 |  1.1
Fighting       | |  3.3
Armour         | |  1.7
Dodging        | |  2.7

Action                     |  1- 3 |  4- 6 || total
---------------------------+-------+-------++-------
  Melee: Falchion          |   110 |    50 ||   160
         Punch             |     1 |       ||     1
    Use: Potion            |       |     2 ||     2
 Armour: Leather armour    |    95 |    33 ||   128
         Skin              |       |    10 ||    10
  Dodge: Dodged            |   126 |    34 ||   160

Table legend: (Time is in decaauts)
 A = Elapsed time spent in this place.
 B = Non-inter-level travel time spent in this place.
 C = Inter-level travel time spent in this place.
 D = Time resting spent in this place.
 E = Time spent auto-exploring this place.
 F = Levels seen in this place.
 G = Mean time per level.
                   A        B        C        D        E       F      G
               +--------+--------+--------+--------+--------+-----+--------+
         Total |   4068 |   4054 |     14 |   3019 |    702 |   2 | 2034.0 |
       Dungeon |   4068 |   4054 |     14 |   3019 |    702 |   2 | 2034.0 |
               +--------+--------+--------+--------+--------+-----+--------+

Top non-repeatable levels by time:
     D:1: 3597 daAuts
     D:2: 471 daAuts
